Map: Ephemeron LE

Players

beto

  • Race: Zerg Zerg
  • League: Gold
  • Spawn Location: 11:00

ViBE - Winner!

  • Race: Protoss Protoss
  • League: Silver
  • Spawn Location: 5:00

VOD

Have the link to the VOD?

Description

Time

  • Played on: Dec. 6, 2019, 4:14 p.m.
  • Length: 19:47
Show
View Real Time Build Order
Export as new Build Order

beto Zerg 

Build Orders: Hatch First, Lurkers 

Get SALT Encoding   

  12  0:01  Drone  
  13  0:08  Drone  
  13  0:13  Extractor  
  13  0:15  Extractor  
  13  0:18  Drone  
  13  0:22  Drone  
  16  0:29  Overlord  
  16  0:51  Hatchery  
  16  0:54  Drone  
  16  1:02  Drone x2  
  18  1:20  Drone, Spawning Pool  
  18  1:24  Drone  
  19  1:27  Extractor  
  19  1:30  Drone  
  19  1:38  Drone  
  19  1:39  Extractor  
  19  1:52  Overlord  
  19  2:11  Drone x2  
  19  2:14  Queen  
  23  2:16  Queen  
  25  2:27  Drone  
  25  2:28  Roach Warren  
  25  2:35  Drone  
  26  2:45  Drone x3  
  26  2:48  Drone  
  30  2:58  Drone  
  30  3:03  Drone  
  32  3:06  Queen  
  32  3:09  Roach  
  36  3:12  Extractor  
  36  3:15  Drone  
  36  3:16  Extractor  
  35  3:21  Overlord  
  35  3:26  Overlord  
  35  3:39  Drone  
  35  3:40  Roach  
  38  3:43  Burrow  
  38  3:46  Spine Crawler  
  38  3:48  Drone x2  
  38  3:57  Roach  
  38  4:01  Roach x2  
  44  4:11  Lair  
  44  4:17  Roach  
  44  4:20  Drone  
  44  4:21  Drone  
  48  4:27  Drone x2  
  50  4:38  Roach  
  52  4:59  Overlord x2  
  52  5:01  Overlord  
  52  5:14  Overseer  
  52  5:17  Queen  
  54  5:22  Drone x3  
  54  5:23  Hydralisk Den  
  54  5:25  Hatchery  
  55  5:29  Drone, Roach  
  55  5:30  Roach x3  
  64  6:07  Overseer  
  64  6:16  Grooved Spines  
  64  6:21  Hydralisk x3  
  64  6:22  Lurker Den  
  64  6:23  Hydralisk x3  
  75  6:33  Metabolic Boost  
  75  6:34  Tunneling Claws  
  75  6:37  Drone  
  75  6:38  Drone  
  77  6:44  Queen  
  79  6:57  Hydralisk  
  79  7:00  Overlord  
  81  7:01  Overlord x2  
  81  7:02  Overlord  
  81  7:19  Hydralisk x3  
  81  7:20  Hydralisk  
  89  7:23  Lurker  
  89  7:24  Lurker  
  89  7:25  Lurker  
  89  7:28  Lurker, Muscular Augments  
  93  7:32  Overlord  
  93  7:45  Infestation Pit  
  93  7:46  Drone x3  
  95  7:53  Glial Reconstitution  
  95  7:55  Zergling x2  
  95  7:56  Zergling x8  
  100  8:05  Hydralisk  
  100  8:09  Zergling x4  
  80  9:21  Roach x5  
  80  9:22  Roach x4  
  68  9:33  Roach  
  68  9:34  Roach x2  
  71  9:46  Spine Crawler x2  
  71  9:47  Spine Crawler  
  71  9:48  Spine Crawler x2, Drone  
  71  9:49  Spine Crawler, Drone x2  
  68  9:53  Roach  
  68  9:59  Hydralisk  
  70  10:00  Hydralisk x3  
  78  10:11  Roach  
  78  10:12  Roach  
  82  10:15  Drone  
  82  10:16  Drone x2  
  82  10:18  Drone x2  
  82  10:19  Drone  
  88  10:30  Drone  
  89  10:37  Lurker x4  
  89  10:40  Hydralisk  
  89  10:41  Hydralisk x3  
  101  10:54  Drone x3  
  104  11:03  Hydralisk  
  106  11:05  Overlord x4  
  106  11:08  Overlord  
  106  11:24  Pneumatized Carapace  
  106  11:26  Lurker x2  
  106  11:27  Lurker x2  
  106  11:30  Hydralisk x2  
  62  12:28  Roach x11  
  64  12:43  Roach  
  64  12:44  Roach x2  
  50  13:07  Roach x5  
  50  13:12  Zergling x2  
  59  13:13  Zergling x2  
  59  13:16  Drone  
  61  13:23  Drone  
  61  13:24  Drone  
  63  13:29  Hydralisk  
  65  13:42  Queen  
  65  13:44  Queen  
  65  13:46  Drone, Hatchery  
  69  13:50  Hydralisk x3  
  69  13:54  Ravager x5  
  69  13:55  Ravager x4  
  83  13:58  Overlord x2  
  84  14:14  Hydralisk x2  
  84  14:15  Hydralisk  
  90  14:17  Queen  
  90  14:19  Lurker x4  
  90  14:20  Queen  
  90  14:23  Hydralisk x3  
  90  14:24  Hydralisk x3  
  110  14:31  Overseer  
  110  14:36  Hydralisk  
  112  14:54  Lurker x2  
  112  14:55  Lurker  
  67  16:10  Roach x3  
  67  16:11  Roach x6  
  83  16:22  Drone x3  
  83  16:25  Queen  
  88  16:27  Queen  
  81  16:48  Hydralisk x2  
  81  16:49  Hydralisk  
  81  16:51  Hydralisk  
  89  17:01  Queen  
  88  17:03  Queen  
  78  17:11  Hydralisk x3  
  84  17:16  Lurker  
  84  17:17  Lurker x2  
Show
View Real Time Build Order
Export as new Build Order

ViBE Protoss - Winner!

Build Orders: 1 Gate Expand 

Get SALT Encoding   

  12  0:01  Probe  
  13  0:13  Probe  
  14  0:23  Pylon  
  14  0:26  Probe  
  15  0:43  Probe  
  15  0:49  Gateway  
  16  0:55  Probe  
  17  1:07  Probe (Chrono Boost)  
  17  1:11  Assimilator  
  19  1:19  Probe (Chrono Boost)  
  19  1:26  Probe (Chrono Boost)  
  19  1:31  Nexus  
  20  1:40  Cybernetics Core  
  20  1:44  Probe  
  21  1:49  Pylon  
  21  1:55  Assimilator  
  21  1:56  Probe  
  22  2:08  Probe  
  23  2:20  Probe  
  23  2:22  Stalker  
  26  2:33  Probe (Chrono Boost)  
  26  2:36  Pylon  
  27  2:42  Warp Gate  
  27  2:44  Probe (Chrono Boost)  
  29  2:46  Probe (Chrono Boost)  
  30  2:53  Probe x2 (Chrono Boost)  
  31  2:59  Probe (Chrono Boost)  
  31  3:01  Probe (Chrono Boost)  
  33  3:08  Stalker  
  33  3:11  Probe (Chrono Boost)  
  37  3:14  Probe (Chrono Boost)  
  37  3:16  Probe (Chrono Boost)  
  38  3:21  Gateway  
  38  3:22  Probe, Robotics Facility  
  38  3:25  Probe  
  40  3:34  Probe  
  40  3:37  Probe  
  42  3:46  Probe  
  43  3:49  Stalker, Probe  
  43  3:55  Pylon  
  46  3:59  Probe  
  46  4:01  Probe  
  46  4:02  Nexus  
  48  4:09  Stalker  
  50  4:11  Probe, Observer  
  50  4:14  Probe  
  50  4:15  Pylon  
  50  4:17  Assimilator  
  53  4:18  Assimilator  
  53  4:23  Probe  
  54  4:26  Probe  
  54  4:28  Pylon  
  54  4:31  Pylon  
  55  4:35  Probe  
  56  4:54  Stalker x2  
  60  5:01  Probe, Immortal  
  60  5:02  Probe  
  68  5:14  Pylon, Probe x2 (Chrono Boost)  
  68  5:15  Probe (Chrono Boost)  
  68  5:17  Pylon  
  69  5:23  Pylon  
  69  5:24  Stalker x2, Probe x2 (Chrono Boost)  
  69  5:25  Probe (Chrono Boost)  
  69  5:27  Pylon  
  76  5:32  Probe x2  
  76  5:33  Probe  
  79  5:40  Immortal  
  83  5:44  Probe x2 (Chrono Boost)  
  83  5:46  Probe (Chrono Boost)  
  86  5:50  Stalker  
  86  5:51  Stalker  
  86  5:56  Probe x2 (Chrono Boost)  
  93  5:57  Nexus  
  93  5:58  Pylon, Probe (Chrono Boost)  
  93  6:04  Probe x2 (Chrono Boost)  
  95  6:07  Assimilator  
  95  6:08  Assimilator  
  95  6:11  Pylon  
  95  6:13  Pylon  
  95  6:16  Probe x3  
  98  6:22  Stalker  
  98  6:23  Stalker  
  98  6:24  Immortal  
  106  6:33  Gateway  
  106  6:35  Gateway  
  106  6:44  Gateway  
  106  6:47  Gateway  
  106  6:49  Stalker x2  
  110  6:58  Pylon  
  110  7:01  Probe x2 (Chrono Boost)  
  113  7:02  Probe (Chrono Boost)  
  113  7:10  Probe (Chrono Boost)  
  113  7:13  Probe x2 (Chrono Boost)  
  113  7:14  Probe (Chrono Boost)  
  117  7:17  Immortal  
  117  7:18  Stalker x2  
  117  7:19  Probe (Chrono Boost)  
  117  7:20  Probe (Chrono Boost)  
  117  7:21  Probe x2 (Chrono Boost)  
  129  7:33  Gateway  
  129  7:37  Gateway  
  129  7:40  Gateway  
  129  7:46  Pylon  
  129  7:48  Stalker x2  
  129  7:49  Stalker x3  
  129  7:50  Stalker  
  141  7:54  Probe x4  
  141  7:57  Assimilator  
  141  7:58  Assimilator  
  145  8:11  Pylon, Nexus  
  145  8:12  Pylon  
  145  8:13  Stalker, Pylon  
  145  8:14  Stalker x4  
  145  8:15  Stalker  
  145  8:16  Immortal  
  161  8:41  Stalker x3  
  163  8:42  Stalker x3  
  174  8:55  Observer  
  174  9:09  Stalker x2  
  178  9:10  Stalker x4  
  178  9:17  Immortal  
  174  9:18  Gateway  
  174  9:20  Gateway  
  174  9:22  Gateway  
  152  9:24  Gateway  
  152  9:26  Gateway  
  148  9:34  Stalker x3  
  148  9:35  Stalker x3  
  160  9:42  Forge  
  160  9:43  Forge  
  160  9:45  Forge  
  160  9:46  Twilight Council  
  160  9:51  Gateway  
  160  9:53  Gateway  
  160  9:54  Gateway  
  160  9:56  Gateway, Immortal  
  160  9:58  Gateway  
  164  10:00  Gateway  
  164  10:03  Gateway  
  164  10:06  Robotics Facility  
  164  10:07  Robotics Facility  
  164  10:10  Stalker  
  164  10:11  Stalker x4  
  164  10:12  Stalker x3  
  180  10:15  Stalker  
  180  10:16  Stalker  
  180  10:18  Stalker  
  180  10:20  Stalker  
  188  10:31  Photon Cannon  
  188  10:33  Photon Cannon  
  188  10:35  Photon Cannon  
  188  10:37  Photon Cannon  
  188  10:38  Photon Cannon  
  188  10:40  Photon Cannon  
  188  10:42  Photon Cannon  
  188  10:45  Photon Cannon x2  
  188  10:47  Photon Cannon  
  188  10:52  Templar Archives  
  188  10:54  Protoss Ground Weapons Level 1 (Chrono Boost)  
  188  10:55  Protoss Shields Level 1 (Chrono Boost), Protoss Ground Armor Level 1 (Chrono Boost)  
  188  11:09  Stalker  
  188  11:10  Stalker x5  
  200  11:46  Assimilator  
  200  11:50  Assimilator  
  182  12:04  Stalker x3  
  182  12:05  Stalker x4  
  182  12:06  Stalker x5  
  182  12:07  Stalker x3  
  182  12:08  Stalker x2  
  200  12:09  Stalker, Nexus  
  200  12:10  Pylon  
  200  12:14  Pylon  
  180  12:20  Immortal x2  
  180  12:21  Immortal  
  182  12:29  High Templar  
  170  12:30  High Templar x5  
  170  12:31  High Templar x4  
  170  12:32  High Templar x4  
  170  12:33  High Templar  
  170  12:34  High Templar x2  
  170  13:10  Archon  
  168  13:50  Pylon  
  168  14:01  Stalker x2  
  168  14:02  Stalker x4  
  180  14:03  Stalker x3  
  180  14:04  Stalker x4  
  180  14:05  Stalker x3  
  180  14:09  Archon  
  200  14:10  Archon x5  
  200  14:11  Archon  
  176  15:50  Immortal x3  
  176  15:53  Stalker x4  
  176  15:54  Stalker x4  
  176  15:55  Stalker x2  
  176  15:56  Stalker x4  
  184  15:57  Stalker x3  
  184  15:58  Stalker  
  130  16:15  Protoss Ground Weapons Level 2 (Chrono Boost), Protoss Shields Level 2 (Chrono Boost), Protoss Ground Armor Level 2 (Chrono Boost)  
  130  16:25  Stalker  
  130  16:26  Stalker x4  
  130  16:27  Stalker x4  
  130  16:28  Stalker x3  
  130  16:29  Stalker  
  130  16:30  Stalker x3  
  130  16:31  Stalker x2  
  166  16:33  Observer x2  
  166  16:34  Immortal  
  166  16:37  Pylon  
  170  16:51  Stalker x3  
  170  16:52  Stalker x3  
  170  16:53  Stalker x3  
  170  16:54  Stalker x4  
  190  16:55  Stalker  
  190  16:56  Stalker  
  198  17:17  Assimilator  
  198  17:18  Assimilator  
  198  17:19  Photon Cannon  
  198  17:21  Probe x2, Photon Cannon  
  190  17:37  Nexus  
  190  17:39  Pylon  
  190  17:42  Pylon  
Tags
 
Add a new tag
Caveats
  • Supply blocks, unpowered buildings, or Contaminate may cause inaccurate times.
  • Supply counts are checked every 10 seconds.